[Event "ICC tourney 2049 (75 10)"]
[Site "Internet Chess Club"]
[Date "2020.10.11"]
[Round "5"]
[White "Arshshah"]
[Black "Gold-Finch123"]
[Result "0-1"]
[ICCResult "White resigns"]
[WhiteElo "1837"]
[BlackElo "1726"]
[Opening "Scandinavian defense"]
[ECO "B01"]
[NIC "SD.03"]
[Time "11:06:20"]
[TimeControl "4500+10"]

1. e4 d5 2. exd5 Nf6 3. Nf3 Bg4 4. Nc3 Nxd5 5. d3 Nc6 6. Be2 e6 7. Nxd5 Qxd5
8. Be3 O-O-O 9. O-O Bd6 10. Qd2 Bxf3 11. Bxf3 Qe5 12. g3 Nd4 13. Bg2 h5 14.
Bf4 Ne2+ 15. Kh1 Nxf4 16. Qxf4 Qxf4 17. gxf4 Bxf4 18. Bf3 g5 19. Be4 f5 20.
Bg2 g4 21. Rae1 h4 22. h3 Rd6 23. Re2 Rb6 24. b3 Rd8 25. Rfe1 e5 26. f3 Rg6
27. fxg4 fxg4 28. hxg4 Kb8 29. Bh3 a6 30. Kg2 Rf8 31. Rf1 Rgf6 32. Ref2 Ka7
33. Rf3 Kb6 34. Re1 Bg3 35. Ref1 Bf4 36. Re1 Kc5 37. Re4 b5 38. d4+ exd4 39.
Rfe3 {White resigns} 0-1

[Event "ICC tourney 2049 (75 10)"]
[Site "Internet Chess Club"]
[Date "2020.10.11"]
[Round "5"]
[White "chesslead"]
[Black "pika0008"]
[Result "1-0"]
[ICCResult "Black checkmated"]
[WhiteElo "2089"]
[BlackElo "1657"]
[Opening "Sicilian: Labourdonnais-Löwenthal (Kalashnikov) variation"]
[ECO "B32"]
[NIC "SI.32"]
[Time "11:06:14"]
[TimeControl "4500+10"]

1. e4 c5 2. Nf3 Nc6 3. d4 cxd4 4. Nxd4 e5 5. Nb5 d6 6. N1c3 a6 7. Na3 Be7 8.
Nc4 b5 9. Ne3 Nf6 10. Be2 O-O 11. O-O Be6 12. f3 Rc8 13. Ncd5 Bxd5 14. exd5
Na5 15. Bd2 Nc4 16. Nxc4 bxc4 17. b3 cxb3 18. axb3 Qb6+ 19. Kh1 Nxd5 20.
Rxa6 Qb7 21. Ra1 Ra8 22. Rxa8 Rxa8 23. Qe1 Ra2 24. Bd3 Nf4 25. Bxf4 exf4 26.
b4 g6 27. Qc3 Qb6 28. Rb1 Ra7 29. Be4 Rc7 30. Qd2 Qe3 31. Qxe3 fxe3 32. b5
Rc8 33. b6 Rb8 34. c3 Bf6 35. Kg1 Bxc3 36. Kf1 Kf8 37. b7 Ke7 38. Rd1 Be5
39. Ke2 d5 40. Bxd5 Bxh2 41. Kxe3 Bd6 42. Ra1 Re8 43. Kd4 h5 44. Rc1 Rb8 45.
Rc8 Kf6 46. Rc6 Ke7 47. Rc8 Kf6 48. Ke4 Ke7 49. Bc6 f5+ 50. Kd5 Bf4 51. Kc4
Kf6 52. Kb5 Kg5 53. Ka6 Kh4 54. Ka7 Kg3 55. Rxb8 Kxg2 56. Rg8 h4 57. Rxg6+
Kf2 58. b8=Q Bxb8+ 59. Kxb8 h3 60. f4 h2 61. Rg2+ Ke3 62. Rxh2 Kxf4 63. Rf2+
Ke5 64. Kc7 f4 65. Kd7 Kf5 66. Kd6 Kg4 67. Ke5 Kg3 68. Rxf4 Kh3 69. Bd7+ Kh2
70. Rg4 Kh3 71. Kf4 Kh2 72. Kf3 Kh3 73. Kf2 Kh2 74. Rh4# {Black checkmated}
1-0

[Event "ICC tourney 2049 (75 10)"]
[Site "Internet Chess Club"]
[Date "2020.10.11"]
[Round "5"]
[White "PearsonH"]
[Black "odlepikachu"]
[Result "1/2-1/2"]
[ICCResult "Game drawn by mutual agreement"]
[WhiteElo "1772"]
[BlackElo "1895"]
[Opening "Queen's pawn: London system"]
[ECO "A45"]
[NIC "QP.07"]
[Time "11:06:09"]
[TimeControl "4500+10"]

1. d4 Nf6 2. Bf4 g6 3. Nc3 Bg7 4. e4 d6 5. Qd2 a6 6. f3 b5 7. Bh6 Bxh6 8.
Qxh6 Nbd7 9. O-O-O b4 10. Nce2 c6 11. e5 dxe5 12. dxe5 Nd5 13. Nd4 Qa5 14.
Bc4 e6 15. Nxc6 Qc5 16. Bxd5 exd5 17. Nd4 Nb6 18. Nb3 Qc7 19. Qd2 Be6 20.
Qxb4 Nc4 21. Qc5 Qxe5 22. Qd4 Qe3+ 23. Qxe3 Nxe3 24. Rd2 O-O 25. Re2 Nf5 26.
Nh3 d4 27. Nf4 Bxb3 28. axb3 Rfd8 29. Rd2 Ra7 30. g4 Ne3 31. Ng2 Nxg2 32.
Rxg2 Re7 33. Rd1 Re3 34. Rgd2 Rxf3 35. Rxd4 Rxd4 36. Rxd4 Rf1+ 37. Rd1 Rf4
38. Rg1 Rf2 39. h3 Rf3 40. Rh1 f5 41. gxf5 gxf5 42. Kd2 f4 43. Ke2 Re3+ 44.
Kf2 Kf7 45. h4 a5 46. h5 Kf6 47. Ra1 Re5 48. Kf3 Kf5 49. Ra4 Kg5 50. Rxf4
Kxh5 51. c4 Kg5 52. Rg4+ Kf6 53. Rh4 h5 54. Kf4 Ke6
{Game drawn by mutual agreement}
1/2-1/2

[Event "ICC tourney 2049 (75 10)"]
[Site "Internet Chess Club"]
[Date "2020.10.11"]
[Round "5"]
[White "challenger2010"]
[Black "arsenicblast"]
[Result "1/2-1/2"]
[ICCResult "Game drawn by repetition"]
[WhiteElo "2137"]
[BlackElo "2018"]
[Opening "Réti: King's Indian attack (Barcza system)"]
[ECO "A07"]
[NIC "QP.09"]
[Time "11:06:06"]
[TimeControl "4500+10"]

1. Nf3 d5 2. g3 Nf6 3. Bg2 g6 4. O-O Bg7 5. c4 c6 6. Qc2 O-O 7. b3 Nbd7 8.
Bb2 Re8 9. Ne5 Nxe5 10. Bxe5 Bf5 11. d3 d4 12. Qb2 Nh5 13. Bxg7 Nxg7 14. b4
e5 15. Nd2 Qe7 16. a4 Bc8 17. c5 Be6 18. Rfc1 Bd5 19. Bxd5 cxd5 20. b5 Rec8
21. Nb3 Ne6 22. Qa3 Rc7 23. a5 a6 24. bxa6 bxa6 25. Rc2 Rac8 26. Rac1 h5 27.
Nd2 Qf8 28. Qb3 Rxc5 29. Rxc5 Rxc5 30. Rxc5 Qxc5 31. Qb8+ Kh7 32. Nf3 Qxa5
33. Qxe5 Qd8 34. Nh4 a5 35. f4 a4 36. f5 Ng7 37. fxg6+ fxg6 38. Qxd4 a3 39.
Qa7 Qd6 40. Nf3 Qb4 41. Ng5+ Kh6 42. Nf7+ Kh7 43. Kg2 Qb2 44. Ng5+ Kh6 45.
Nf7+ Kh7 46. Qe3 Nf5 47. Qe8 a2 48. Ng5+ Kh6 49. Nf7+ Kh7 50. Ng5+ Kh6 51.
Nf7+ Kh7 52. Ng5+ Kh6 53. Nf7+ Kh7 54. Ng5+ Kh6 55. Nf7+ Kh7
{Game drawn by repetition}
1/2-1/2

[Event "ICC tourney 2049 (75 10)"]
[Site "Internet Chess Club"]
[Date "2020.10.11"]
[Round "5"]
[White "Otelo"]
[Black "hpu2005"]
[Result "0-1"]
[ICCResult "White resigns"]
[WhiteElo "2040"]
[BlackElo "1997"]
[Opening "English: Neo-Catalan"]
[ECO "A13"]
[NIC "RE.11"]
[Time "11:06:19"]
[TimeControl "4500+10"]

1. Nf3 d5 2. c4 e6 3. g3 Nf6 4. Bg2 c6 5. b3 Be7 6. Bb2 O-O 7. O-O Nbd7 8.
d3 b6 9. cxd5 exd5 10. d4 Bb7 11. e3 Ne4 12. Nc3 Nd6 13. Rc1 Re8 14. Qd3 a5
15. Rfd1 Ba6 16. Qb1 Rc8 17. Bh3 Rc7 18. Na4 Be2 19. Bxd7 Qxd7 20. Ne5 Qh3
21. Rd2 Bb5 22. Nxb6 Ne4 23. Rdc2 Rb7 24. Nxc6 Rxb6 25. Nxe7+ Rxe7 26. Rc8+
Be8 27. Qc2 Rh6 28. f3 Ng5 29. Qf2 Nxf3+ 30. Qxf3 Qxh2+ 31. Kf1 Rf6
{White resigns}
0-1

[Event "ICC tourney 2049 (75 10)"]
[Site "Internet Chess Club"]
[Date "2020.10.11"]
[Round "5"]
[White "Knightoffaith"]
[Black "pawnpush202044"]
[Result "0-1"]
[ICCResult "White resigns"]
[WhiteElo "1767"]
[BlackElo "1960"]
[Opening "Sicilian: Najdorf, Adams attack"]
[ECO "B90"]
[NIC "SI.14"]
[Time "11:06:15"]
[TimeControl "4500+10"]

1. e4 c5 2. Nf3 d6 3. d4 cxd4 4. Nxd4 Nf6 5. Nc3 a6 6. h3 e6 7. g4 h6 8. Bg2
Be7 9. O-O O-O 10. Be3 Nbd7 11. Qe2 Qc7 12. Rad1 Nb6 13. Kh1 Nc4 14. Bc1 Ne5
15. f4 Ng6 16. Nf3 Bd7 17. f5 Ne5 18. Nxe5 dxe5 19. h4 Nh7 20. Qf2 b5 21. a3
Bc6 22. Rd3 Rad8 23. Be3 Rxd3 24. cxd3 Qd8 25. Bb6 Qxd3 26. Rd1 Qc4 27. Qe1
exf5 28. gxf5 Nf6 29. Rd2 Bxa3 30. Nxb5 Qxb5 {White resigns} 0-1

[Event "ICC tourney 2049 (75 10)"]
[Site "Internet Chess Club"]
[Date "2020.10.11"]
[Round "5"]
[White "prudhvi"]
[Black "KittiesRock18"]
[Result "0-1"]
[ICCResult "White resigns"]
[WhiteElo "1948"]
[BlackElo "1561"]
[Opening "Nimzovich-Larsen attack: English variation"]
[ECO "A01"]
[NIC "VO.08"]
[Time "11:06:06"]
[TimeControl "4500+10"]

1. b3 c5 2. Bb2 d6 3. e3 Nc6 4. Bb5 a6 5. Bxc6+ bxc6 6. Ne2 Nf6 7. d3 g6 8.
Nd2 Bg7 9. Ne4 O-O 10. Nxf6+ exf6 11. O-O Bg4 12. f3 Bd7 13. Ng3 Re8 14. e4
Bh6 15. f4 d5 16. f5 Be3+ 17. Kh1 Bd4 18. Bxd4 cxd4 19. exd5 cxd5 20. Qf3
Rc8 21. Rf2 Re5 22. fxg6 fxg6 23. Raf1 Rc6 24. Qf4 Qb6 25. Qh6 Ree6 26. h4
Qc7 27. Rf3 Re8 28. h5 Bg4 29. Rf4 f5 30. Qg5 Qe7 31. Qxe7 Rxe7 32. Rxd4
Rxc2 33. Rxd5 Rxa2 34. h6 Kf7 35. Rc1 Rb2 36. Rc6 Bf3 37. Ne4 fxe4 38. gxf3
exd3 39. Rc1 d2 {White resigns} 0-1

[Event "ICC tourney 2049 (75 10)"]
[Site "Internet Chess Club"]
[Date "2020.10.11"]
[Round "5"]
[White "HarleyQueen8"]
[Black "vikram251107"]
[Result "0-1"]
[ICCResult "White checkmated"]
[WhiteElo "1847"]
[BlackElo "2018"]
[Opening "King's Indian: Semi-Averbakh system"]
[ECO "E73"]
[NIC "KI.27"]
[Time "11:06:08"]
[TimeControl "4500+10"]

1. d4 Nf6 2. c4 g6 3. Nc3 Bg7 4. e4 d6 5. Be2 O-O 6. Be3 e5 7. d5 Ne8 8. g4
f5 9. gxf5 gxf5 10. exf5 Bxf5 11. Nf3 Nf6 12. Qd2 Ne4 13. Nxe4 Bxe4 14. Bg5
Qd7 15. Qe3 Bg6 16. Nh4 Na6 17. Nxg6 hxg6 18. O-O-O Qa4 19. a3 Rf5 20. h4
Nc5 21. Bd3 e4 22. Be2 Qb3 23. Qxb3 Nxb3+ 24. Kb1 Rxf2 25. Rhe1 Rh2 26. Be3
Rf8 27. Kc2 Na5 28. Bd2 Rff2 29. Bxa5 Rxe2+ 30. Rxe2 Rxe2+ 31. Rd2 Rxd2+ 32.
Kxd2 Bh6+ 33. Ke2 b6 34. Bd2 Bxd2 35. Kxd2 Kh7 36. Ke3 Kh6 37. Kxe4 Kh5 38.
Kf3 Kxh4 39. b3 g5 40. Kg2 Kg4 41. Kf2 Kf4 42. Kg2 g4 43. Kf2 g3+ 44. Kg2
Kg4 45. Kg1 Kf3 46. Kf1 Ke3 47. Kg2 Kd3 48. Kxg3 Kc3 49. Kf4 Kxb3 50. Kf5
Kxc4 51. Ke6 Kc5 52. a4 a5 53. Kd7 Kxd5 54. Kxc7 Kc5 55. Kb7 d5 56. Ka6 d4
57. Kb7 b5 58. axb5 Kxb5 59. Ka7 d3 60. Kb7 d2 61. Kc7 a4 62. Kb7 a3 63. Kc7
a2 64. Kb7 a1=Q 65. Kc7 d1=Q 66. Kc8 Qc2+ 67. Kb8 Qe5+ 68. Kb7 Qcc7+ 69. Ka8
Qb8# {White checkmated} 0-1

[Event "ICC tourney 2049 (75 10)"]
[Site "Internet Chess Club"]
[Date "2020.10.11"]
[Round "5"]
[White "Zuiopal"]
[Black "kwen2008"]
[Result "1-0"]
[ICCResult "Black resigns"]
[WhiteElo "1724"]
[BlackElo "1717"]
[Opening "QGD: exchange, positional line"]
[ECO "D35"]
[NIC "QO.16"]
[Time "11:06:01"]
[TimeControl "4500+10"]

1. d4 Nf6 2. c4 e6 3. Nc3 d5 4. cxd5 exd5 5. Bg5 Be7 6. e3 Bf5 7. Bd3 Bxd3
8. Qxd3 c6 9. Nge2 h6 10. Bh4 O-O 11. O-O Nbd7 12. Rab1 Re8 13. b4 a6 14. f3
Nb6 15. Bf2 Qd7 16. h3 Bf8 17. e4 Qe7 18. e5 Nh7 19. f4 Nd7 20. f5 b6 21.
Nf4 Rec8 22. g4 Qg5 23. Ng2 Qe7 24. Be3 Qe8 25. h4 c5 26. bxc5 bxc5 27. Rbe1
Nxe5 28. dxe5 d4 29. Bf4 c4 30. Qd2 dxc3 31. Qxc3 Bc5+ 32. Kh2 a5 33. Re2
Bb4 34. Qc2 Ra6 35. g5 hxg5 36. hxg5 a4 37. Re4 Qb5 38. Rd1 Ba3 39. Rb1 Qc6
40. e6 fxe6 41. Rxe6 Qa8 42. Rbe1 Rac6 43. f6 Rxe6 44. Rxe6 Qd5 45. Qg6 Bf8
46. Re7 {Black resigns} 1-0

[Event "ICC tourney 2049 (75 10)"]
[Site "Internet Chess Club"]
[Date "2020.10.11"]
[Round "5"]
[White "AJ2000"]
[Black "Roger436"]
[Result "0-1"]
[ICCResult "White resigns"]
[WhiteElo "1622"]
[BlackElo "1699"]
[Opening "Sicilian: accelerated fianchetto, Breyer variation"]
[ECO "B39"]
[NIC "SI.33"]
[Time "11:06:19"]
[TimeControl "4500+10"]

1. e4 c5 2. Nf3 Nc6 3. d4 cxd4 4. Nxd4 g6 5. c4 Bg7 6. Be3 Nf6 7. Nc3 Ng4 8.
Qxg4 Nxd4 9. Qd1 e5 10. Nd5 O-O 11. Bxd4 exd4 12. Bd3 d6 13. O-O Be6 14. Qd2
Bxd5 15. exd5 Re8 16. Rfe1 Qf6 17. Qb4 b6 18. Qb5 Re7 19. Qc6 Rd8 20. Kf1
Rdd7 21. Qc8+ Bf8 22. b3 Rc7 23. Qg4 Re3 24. Rad1 Rce7 25. Rxe3 dxe3 26. Qg3
Bh6 27. Re1 Qd4 28. Be2 Re5 29. Qg4 Qd2 30. a4 exf2 31. Rd1 Qc2 32. Kxf2
Rf5+ 33. Kg1 Be3+ 34. Kh1 Qxd1+ {White resigns} 0-1

[Event "ICC tourney 2049 (75 10)"]
[Site "Internet Chess Club"]
[Date "2020.10.11"]
[Round "5"]
[White "sanjayselvam"]
[Black "Kausy"]
[Result "1/2-1/2"]
[ICCResult "Game drawn because neither player has mating material"]
[WhiteElo "1917"]
[BlackElo "1731"]
[Opening "Queen's pawn, Mason variation"]
[ECO "D00"]
[NIC "QP.08"]
[Time "11:06:23"]
[TimeControl "4500+10"]

1. d4 d5 2. Bf4 Bf5 3. e3 c6 4. c3 e6 5. Bd3 Bxd3 6. Qxd3 Nf6 7. Nd2 Be7 8.
Ngf3 Nbd7 9. h3 c5 10. O-O O-O 11. Ne5 cxd4 12. exd4 Rc8 13. Qe2 Nxe5 14.
Bxe5 Bd6 15. f4 Bxe5 16. fxe5 Nd7 17. Rf2 f6 18. exf6 Rxf6 19. Raf1 Qe7 20.
Rxf6 Nxf6 21. Re1 Rc6 22. Qe5 Qd6 23. Nf3 Qxe5 24. Nxe5 Rb6 25. Re2 Ne4 26.
b3 h6 27. c4 Rb4 28. Re3 Nd2 29. Nd3 Rb6 30. c5 Rc6 31. Nb4 Rc7 32. Rxe6 Nb1
33. Nxd5 Rd7 34. Rd6 Rf7 35. Ne3 Nc3 36. Re6 Ne2+ 37. Kh2 Nxd4 38. Re8+ Kh7
39. Nc4 Rc7 40. Re4 Nb5 41. a4 Nc3 42. Re3 Nd5 43. Re5 Nb4 44. Nd6 Nd3 45.
Re3 Nxc5 46. Nb5 Rd7 47. Nxa7 Rd2 48. Rc3 Ne6 49. Nb5 h5 50. Rf3 h4 51. Kg1
Kg6 52. Kf1 Kg5 53. Nc3 Rc2 54. Ne4+ Kg6 55. Nd6 Rc1+ 56. Kf2 Rd1 57. Nxb7
Rd2+ 58. Ke1 Rxg2 59. b4 Nd4 60. Rd3 Nc2+ 61. Kf1 Rg3 62. Rxg3+ hxg3 63. Kg2
Nxb4 64. Kxg3 Na6 65. a5 Kf5 66. Nd6+ Kf6 67. Kg4 g6 68. Nb7 Kf7 69. Kg5 Kg7
70. h4 Kf7 71. Nd6+ Ke6 72. Nb7 Kf7 73. Nd6+ Ke6 74. Ne4 Kf7 75. Kh6 Nc7 76.
Nc5 Ke7 77. a6 Kd6 78. Kxg6 Kxc5 79. h5 Kb6 80. h6 Ne6 81. Kf6 Nf8 82. Kf7
Nh7 83. Kg7 Ng5 84. Kg6 Ne6 85. Kf7 Ng5+ 86. Kg7 Kxa6 87. Kg6 Ne6 88. Kf6
Nf8 89. Kf7 Nh7 90. Kg7 Ng5 91. h7 Nxh7
{Game drawn because neither player has mating material}
1/2-1/2

[Event "ICC tourney 2049 (75 10)"]
[Site "Internet Chess Club"]
[Date "2020.10.11"]
[Round "5"]
[White "karuto2006"]
[Black "winner08"]
[Result "1/2-1/2"]
[ICCResult "Game drawn by mutual agreement"]
[WhiteElo "1737"]
[BlackElo "1800"]
[Opening "Ruy Lopez: closed, anti-Marshall 8.a4"]
[ECO "C88"]
[NIC "RL.18"]
[Time "11:06:18"]
[TimeControl "4500+10"]

1. e4 e5 2. Nf3 Nc6 3. Bb5 a6 4. Ba4 Nf6 5. O-O Be7 6. Re1 b5 7. Bb3 O-O 8.
a4 Bb7 9. c3 d6 10. d4 h6 11. Nbd2 Re8 12. Bc2 Bf8 13. Nf1 g6 14. Ng3 Bg7
15. a5 Rc8 16. d5 Nb8 17. Be3 Nbd7 18. Qd2 Kh7 19. h3 Nf8 20. Bb3 Qe7 21. c4
bxc4 22. Bxc4 c6 23. dxc6 Rxc6 24. Qd3 Rec8 25. Rac1 N8d7 26. b4 Nf8 27. b5
axb5 28. Bxb5 Rxc1 29. Rxc1 Rxc1+ 30. Bxc1 Qc7 31. Bd2 Ne6 32. Bb4 Nc5 33.
Bxc5 dxc5 34. a6 Ba8 35. Nd2 Qb6 36. Qc4 Bf8 37. Qxf7+ Bg7 38. Qc4 Qa5 39.
Nf3 Qa1+ 40. Kh2 Qb1 41. Qxc5 Nxe4 42. Nxe4 Qxe4 43. Qc4 Qf4+ 44. Qxf4 exf4
45. Nd2 Be5 46. f3 Kg7 47. Nc4 Bc7 48. Kg1 Kf6 49. Bd7 Bd5
{Game drawn by mutual agreement}
1/2-1/2

[Event "ICC tourney 2049 (75 10)"]
[Site "Internet Chess Club"]
[Date "2020.10.11"]
[Round "5"]
[White "xyzchessdude"]
[Black "mopaska1106"]
[Result "0-1"]
[ICCResult "White resigns"]
[WhiteElo "2020"]
[BlackElo "1981"]
[Opening "Réti: Lisitsin gambit deferred"]
[ECO "A04"]
[NIC "QP.11"]
[Time "11:06:46"]
[TimeControl "4500+10"]

1. Nf3 f5 2. d3 Nf6 3. e4 d6 4. Nc3 e5 5. Bg5 Be7 6. Qd2 Nc6 7. O-O-O O-O 8.
Kb1 a5 9. h3 Rb8 10. Bxf6 Bxf6 11. Nd5 b5 12. Be2 Be6 13. Nxf6+ Qxf6 14. Ng5
b4 15. exf5 Bxf5 16. Bf3 Nd4 17. Bd5+ Kh8 18. Nf3 Nb5 19. Qg5 h6 20. Qxf6
Rxf6 21. Bc6 a4 22. Bxb5 Rxb5 23. Rd2 b3 24. cxb3 axb3 25. a3 Rd5 26. Rhd1
Bxh3 27. Ne1 Be6 28. f3 Rd4 29. Re2 Bd5 30. Kc1 g5 31. Kd2 Kg7 32. Ke3 c5
33. Ra1 Rf7 34. Rd2 h5 35. g3 Kg6 36. Rh2 Ra4 37. Rc1 Ra8 38. Rc3 Raf8 39.
Ke2 g4 40. fxg4 hxg4 41. Rc1 Rf1 42. Ra1 Rg1 43. a4 Rxg3 44. a5 Rh3 45. Rf2
Rxf2+ 46. Kxf2 Rh2+ 47. Kg3 Rxb2 48. a6 Ra2 49. Rxa2 bxa2 50. Nc2 Kg5 51. a7
Ba8 52. Na1 d5 53. Nc2 d4 54. Na1 e4 55. dxe4 Bxe4 56. Nc2 d3 {White
resigns} 0-1

[Event "ICC tourney 2049 (75 10)"]
[Site "Internet Chess Club"]
[Date "2020.10.11"]
[Round "5"]
[White "BobbyFissure"]
[Black "Sricharan07"]
[Result "0-1"]
[ICCResult "White resigns"]
[WhiteElo "1461"]
[BlackElo "1900"]
[Opening "Queen's pawn game"]
[ECO "A46"]
[NIC "KI.79"]
[Time "11:06:16"]
[TimeControl "4500+10"]

1. Nf3 Nf6 2. d4 d6 3. g3 g6 4. Bg2 Bg7 5. O-O O-O 6. c4 c5 7. d5 a6 8. Nc3
e6 9. Bg5 exd5 10. Nxd5 Nbd7 11. Bf4 Ne8 12. Qd2 Ndf6 13. Rfd1 Be6 14. Nxf6+
Bxf6 15. Bh6 Bg7 16. Bxg7 Kxg7 17. b3 Qe7 18. Ng5 Rd8 19. Qe3 h6 20. Nh3 Nf6
21. Nf4 Rfe8 22. Qc3 b5 23. cxb5 axb5 24. Rd2 b4 25. Qb2 Kg8 26. Rad1 g5 27.
Nxe6 fxe6 28. Qc2 Kg7 29. Bc6 Rf8 30. e4 Qc7 31. Bb5 d5 32. f3 Qb6 33. Be2
c4+ 34. Kg2 c3 35. e5 cxd2 36. exf6+ Rxf6 37. Rxd2 e5 38. Qd1 d4 39. Bd3 Rc8
40. Qe2 Qc6 41. Be4 Qd6 42. Rd1 Rc3 43. Rf1 Qc5 44. Rf2 Re3 45. Qc4 Qxc4 46.
bxc4 Rc3 47. Bd5 Ra6 48. f4 gxf4 49. gxf4 exf4 50. Rxf4 Rxa2+ 51. Kg1 Rc1+
52. Rf1 Rxf1+ 53. Kxf1 Rc2 54. c5 Rxc5 55. Be6 Rc3 56. Ke1 b3 57. Bf5 b2 58.
Kd2 Rc1 {White resigns} 0-1

[Event "ICC tourney 2049 (75 10)"]
[Site "Internet Chess Club"]
[Date "2020.10.11"]
[Round "5"]
[White "greenninja"]
[Black "spellking98"]
[Result "0-1"]
[ICCResult "White checkmated"]
[WhiteElo "1956"]
[BlackElo "2175"]
[Opening "Pirc: Austrian attack, 6.Bd3"]
[ECO "B09"]
[NIC "PU.02"]
[Time "11:06:06"]
[TimeControl "4500+10"]

1. e4 d6 2. d4 Nf6 3. Nc3 g6 4. f4 Bg7 5. Nf3 O-O 6. Bd3 c5 7. d5 e6 8. dxe6
fxe6 9. Bc4 Na6 10. O-O Nc7 11. e5 Nfe8 12. exd6 Nxd6 13. Qe2 Nxc4 14. Qxc4
b6 15. Re1 Kh8 16. a4 Bb7 17. Ng5 Qd4+ 18. Qxd4 Bxd4+ 19. Kh1 Rae8 20. Ne2
Bg7 21. c3 e5 22. Bd2 h6 23. Nh3 Bc8 24. fxe5 g5 25. Ng3 Bxe5 26. a5 g4 27.
Bxh6 Rf6 28. Bg5 Rf7 29. Ng1 Kg8 30. axb6 axb6 31. Ra4 Bxg3 32. Rxe8+ Nxe8
33. hxg3 Rf2 34. Re4 Ng7 35. Re2 Rf5 36. Bh4 Bb7 37. Kh2 Bc6 38. Kh1 Rf1 39.
Kh2 Kf8 40. Rd2 Nf5 41. Bd8 Ne3 42. Bxb6 Rf5 43. Rd8+ Kg7 44. Ne2 Rf2 45.
Nf4 Nxg2 46. Kg1 Rxb2 47. Bxc5 Nxf4 48. gxf4 g3 49. Rd6 Rb1+ 50. Rd1 Rxd1#
{White checkmated}
0-1

[Event "ICC tourney 2049 (75 10)"]
[Site "Internet Chess Club"]
[Date "2020.10.11"]
[Round "5"]
[White "IAlwaysWin"]
[Black "Chessking2008"]
[Result "1/2-1/2"]
[ICCResult "Game drawn by repetition"]
[WhiteElo "1971"]
[BlackElo "2168"]
[Opening "Nimzovich-Larsen attack: English variation"]
[ECO "A01"]
[NIC "VO.08"]
[Time "11:06:46"]
[TimeControl "4500+10"]

1. b3 c5 2. Bb2 d5 3. e3 Nc6 4. Bb5 Qc7 5. Nf3 Nf6 6. O-O Bg4 7. h3 Bh5 8.
d4 cxd4 9. exd4 e6 10. Be2 Be7 11. Nbd2 O-O 12. Ne5 Bxe2 13. Qxe2 Nxe5 14.
dxe5 Nd7 15. c4 dxc4 16. Nxc4 Nb6 17. Rac1 Nxc4 18. Rxc4 Qb6 19. Bd4 Qa6 20.
Qc2 Rfd8 21. Be3 b6 22. Rc1 Qb5 23. Rc7 Ba3 24. Rd1 Rxd1+ 25. Qxd1 Qxe5 26.
Qd7 Bd6 27. Qxf7+ Kh8 28. Rc1 Qh2+ 29. Kf1 Bc5 30. Qxe6 Rd8 31. Re1 Bxe3 32.
Qxe3 Qh1+ 33. Ke2 Qxg2 34. Rd1 Rf8 35. Rd7 Qc6 36. Re7 Qc2+ 37. Kf1 Qb1+ 38.
Kg2 Qg6+ 39. Kh2 h6 40. Rxa7 Qd6+ 41. Kg2 Rf6 42. Ra4 Qd5+ 43. Kh2 Rg6 44.
Rg4 Rf6 45. Rd4 Qf5 46. Rd2 Rg6 47. Rd4 Kh7 48. Rf4 Qd7 49. Qe4 Qd6 50. h4
h5 51. Kh3 Qd7+ 52. Qf5 Qd1 53. Qe4 Qc1 54. Qf3 Kh6 55. Rf5 Qf1+ 56. Kh2
Qg1+ 57. Kh3 Qf1+ 58. Kh2 Qg1+ 59. Kh3 Qf1+ 60. Kh2 Qg1+ 61. Kh3 Qf1+ 62.
Kh2 Qg1+ 63. Kh3 Qf1+ 64. Kh2 Qg1+ {Game drawn by repetition} 1/2-1/2

[Event "ICC tourney 2049 (75 10)"]
[Site "Internet Chess Club"]
[Date "2020.10.11"]
[Round "5"]
[White "RG2017"]
[Black "qiaoqiaoszx"]
[Result "1/2-1/2"]
[ICCResult "Game drawn by the 50 move rule"]
[WhiteElo "1974"]
[BlackElo "2136"]
[Opening "King's Indian: Gligoric-Taimanov system"]
[ECO "E92"]
[NIC "KI.18"]
[Time "11:06:08"]
[TimeControl "4500+10"]

1. d4 Nf6 2. c4 g6 3. Nc3 Bg7 4. e4 d6 5. Nf3 O-O 6. Be2 e5 7. Be3 Nc6 8. d5
Ne7 9. Nd2 c5 10. g4 Ne8 11. h4 f5 12. f3 f4 13. Bf2 h6 14. h5 g5 15. a3 a5
16. b4 b6 17. O-O Bd7 18. bxc5 bxc5 19. a4 Nc8 20. Qc2 Nc7 21. Nb5 Na6 22.
Qc3 Nb4 23. Nb3 Rf7 24. Rfb1 Be8 25. Kg2 Bf8 26. Be1 Qb6 27. Nc1 Be7 28. Qb2
Bd8 29. Nd3 Nxd3 30. Bxd3 Rb7 31. Ra3 Qa6 32. Rb3 Rab8 33. Qa1 Na7 34. Bc3
Nxb5 35. axb5 Qb6 36. Ra3 Ra7 37. Rb2 Bc7 38. Rba2 Rba8 39. Bc2 Bd7 40. Qd1
Kf7 41. Qd2 Bc8 42. Ra1 Bb7 43. Ba4 Rd8 44. Bd1 Rda8 45. Bb2 Bc8 46. Ba4 Bb7
47. Rd3 Rd8 48. Rd1 Bc8 49. Qe1 Bb8 50. Bc3 Bc7 51. R1d2 Bb7 52. Qd1 Bb8 53.
Qa1 Bc7 54. Kh2 Bc8 55. Qd1 Bb7 56. Kh3 Bb8 57. Ra2 Bc7 58. Bc2 Bc8 59. Bb3
Bb7 60. Kh2 Bc8 61. Qg1 Bb7 62. Rd1 Bc8 63. Qf2 Bb7 64. Qd2 Ke7 65. Kg2 Kf7
66. Qb2 Rda8 67. Kf2 Ke7 68. Rg1 Kf7 69. Bd2 Bc8 70. Rh1 Bb7 71. Ke1 Bc8 72.
Bc1 Bb7 73. Qa1 Bc8 74. Rg2 Bb7 75. Ba4 Rd8 76. Qb1 Re8 77. Kd1 Bc8 78. Kc2
Bb7 79. Kb2 Bc8 80. Ka3 Bb7 81. Ka2 Bc8 82. Ka1 Bb7 83. Rd1 Bb8 84. Rd3 Bc7
85. Ka2 Bb8 86. Rd1 Bc7 {Game drawn by the 50 move rule} 1/2-1/2

[Event "ICC tourney 2049 (75 10)"]
[Site "Internet Chess Club"]
[Date "2020.10.11"]
[Round "5"]
[White "Vish1080"]
[Black "chessrani"]
[Result "1/2-1/2"]
[ICCResult "Game drawn by repetition"]
[WhiteElo "1677"]
[BlackElo "2040"]
[Opening "QGD semi-Slav: Meran variation"]
[ECO "D47"]
[NIC "SL.09"]
[Time "11:06:30"]
[TimeControl "4500+10"]

1. Nf3 d5 2. c4 c6 3. e3 Nf6 4. d4 e6 5. Nc3 Nbd7 6. Bd3 dxc4 7. Bxc4 b5 8.
Bb3 a6 9. O-O Bb7 10. Ne2 Bd6 11. Ng3 O-O 12. Bc2 c5 13. dxc5 Nxc5 14. b4
Nce4 15. Nxe4 Nxe4 16. Bxe4 Bxe4 17. a3 Qc7 18. h3 Rad8 19. Qe2 Bd3 20. Qb2
Bxf1 21. Kxf1 Be7 22. Bd2 Qc4+ 23. Kg1 Bf6 24. Nd4 Bxd4 25. exd4 Qd3 26. Be3
Rc8 27. a4 bxa4 28. Qa3 Qb5 29. Qxa4 Rc6 30. Qxb5 axb5 31. Ra5 h6 32. Rxb5
Ra8 33. d5 Rd6 34. dxe6 fxe6 35. Kh2 Rdd8 36. Rb6 Kf7 37. Bc5 Rab8 38. Rc6
Rb7 39. Ra6 Rd5 40. Ra8 e5 41. Rf8+ Kg6 42. Re8 Kf5 43. Rf8+ Ke4 44. Kg3
Rdd7 45. Ra8 Kd5 46. Rf8 Rf7 47. Rd8+ Rbd7 48. Ra8 Kc4 49. Re8 Rd3+ 50. Kh2
Rd5 51. Kg3 Kd3 52. Ra8 e4 53. Ra3+ Kc4 54. Ra8 Rd3+ 55. Kh2 Rd2 56. Kg3 Rb2
57. Re8 Rb3+ 58. Kh2 Kd5 59. Rd8+ Ke5 60. Re8+ Kd5 61. Rd8+ Ke5 62. Re8+ Kd5
{Game drawn by repetition}
1/2-1/2

[Event "ICC tourney 2049 (75 10)"]
[Site "Internet Chess Club"]
[Date "2020.10.11"]
[Round "5"]
[White "canary2016"]
[Black "Mrpeetapizza"]
[Result "0-1"]
[ICCResult "White resigns"]
[WhiteElo "1921"]
[BlackElo "1882"]
[Opening "King's Indian, 3.Nf3"]
[ECO "E67"]
[NIC "KI.79"]
[Time "11:06:03"]
[TimeControl "4500+10"]

1. d4 Nf6 2. c4 g6 3. Nf3 Bg7 4. g3 d6 5. Bg2 O-O 6. O-O Nbd7 7. Nc3 c5 8.
e4 a6 9. Qe2 cxd4 10. Nxd4 Ne5 11. h3 Nfd7 12. Rd1 Nc6 13. Be3 h6 14. Qd2
Kh7 15. Nce2 Qc7 16. Rac1 Rb8 17. b4 Nce5 18. Qc2 Nb6 19. c5 dxc5 20. bxc5
Nbd7 21. Nb3 Nc6 22. a3 Nf6 23. Nf4 e6 24. Rd6 Ne8 25. Rd2 a5 26. Ne2 e5 27.
Nc3 Be6 28. Nd5 Qc8 29. Nb6 Qc7 30. Qc3 a4 31. Na5 Nf6 32. Nac4 Nd7 33. Nd5
Bxd5 34. exd5 Nd4 35. Bxd4 exd4 36. Qf3 Qxc5 37. Rdc2 Qa7 38. Nd6 Ne5 39.
Qe4 f5 40. Qe1 Qa6 41. Nc4 Nd3 42. Qd2 Nxc1 43. Rxc1 b5 44. Nb2 Qd6 45. Qd3
Rfc8 46. Rxc8 Rxc8 47. Qxb5 Qxa3 48. Nxa4 d3 49. Nb6 d2 50. Nxc8 d1=Q+ 51.
Kh2 Qac1 {White resigns} 0-1